AoeStats
← proplayer1212

Golden Pit

507962179Analyzed
1v1 RM · 13d ago on Sep 20, 2026· 53m 6s· 2 players
Game mode
Random Map
Map size
Tiny (2 player)
Population
200
Speed
Normal
Resources
Standard
Victory
Conquest
Starting age
Dark Age
Ending age
Imperial Age
RankedLock teamsTeams togetherTeam positionsShared explorationLock speedFull tech treeHidden civsTurbo modeCheats
Victory
Defeat
🇨🇭 Ethiopians · Switzerland
875
+14
🇬🇮 Slavs · Gibraltar
833
-14
Hasdrubal
8:08 Loom
10:25 Feudal Age
11:10 Double-Bit Axe
11:46 Horse Collar
12:20 Man-at-Arms
21:00 Castle Age
20:26 Fletching
20:37 Padded Archer Armor
21:57 Bow Saw
21:50 Heavy Plow
22:15 Town Watch
23:06 Wheelbarrow
23:44 Elite Skirmisher
32:30 Pikeman
37:22 Imperial Age
35:51 Masonry
35:57 Forging
36:32 Scale Mail Armor
37:24 Bodkin Arrow
38:11 Chain Mail Armor
45:02 Two-Man Saw
45:10 Conscription
46:43 Hoardings
46:31 Murder Holes
47:56 Hand Cart
50:10 Iron Casting
50:16 Scale Barding Armor
proplayer1212
7:23 Loom
10:05 Feudal Age
10:44 Double-Bit Axe
11:07 Horse Collar
15:19 Town Watch
17:15 Fletching
22:14 Castle Age
20:57 Padded Archer Armor
22:38 Crossbowman
23:32 Bodkin Arrow
23:52 Leather Archer Armor
27:07 Gold Mining
28:34 Forging
28:30 Scale Barding Armor
29:52 Iron Casting
33:34 Bow Saw
33:27 Heavy Plow
34:54 Chain Barding Armor
39:33 Gold Shaft Mining
41:06 Thumb Ring
41:28 Ballistics
44:32 Imperial Age
46:30 Chemistry
44:53 Arbalester
50:58 Wheelbarrow
50:24 Town Patrol
50:20 Light Cavalry
51:09 Bracer
51:11 Scale Mail Armor
52:46 Hand Cart
Connection lost

Rejoining the realm…

Still unreachable

The connection could not be restored.

Session expired

The server has moved on; the page needs a fresh start.